| TOP OF THE 1ST |
|
Chicago Cubs batting - Pitching for St. Louis Cardinals : LHP Antonio Lacayo
|
|
Pitching: LHP Antonio Lacayo
|
|
|
Batting: RHB Steve Bartman Jr.
|
0-0: Ball 1-0: Called Strike 1-1: Foul Ball, location: 2F 1-2: Foul Ball, location: 2F 1-2: Foul Ball, location: 2F 1-2: Ball 2-2: Ball 3-2: SINGLE (Groundball, 56S, EV 73.1 MPH) (infield hit)
|
|
Batting: SHB Gabriel Cruz
|
0-0: Called Strike Steve Bartman Jr. is caught stealing 2nd base 2-4 0-1: Ball 1-1: Swinging Strike 1-2: Ball 2-2: DOUBLE (Line Drive, 89D, EV 100.0 MPH)
|
|
Batting: RHB Heef Harted
|
0-0: Called Strike 0-1: Ball 1-1: Called Strike 1-2: Ball 2-2: Strikes out swinging
|
|
Batting: LHB Kevin Norton
|
0-0: Ball 1-0: Ball 2-0: Swinging Strike 2-1: Ground out 4-3 (Groundball, 4, EV 100.0 MPH)
|
| Top of the 1st over - 0 runs, 2 hits, 0 errors, 1 left on base; Chicago 0 - St. Louis 0 |
| BOTTOM OF THE 1ST |
|
St. Louis Cardinals batting - Pitching for Chicago Cubs : RHP Nicolai Volnov
|
|
Pitching: RHP Nicolai Volnov
|
|
|
Batting: RHB Mike Bates
|
0-0: Ball 1-0: Called Strike 1-1: Ball 2-1: Foul Ball, location: 2F 2-2: Reached on error, E5 (Groundball, 5L, EV 103.8 MPH)
|
|
Batting: LHB Pat Sutton
|
0-0: SINGLE (Line Drive, 78S, EV 109.4 MPH) Mike Bates to second
|
|
Batting: SHB Harry Hoop
|
0-0: Ball 1-0: Foul Ball, location: 2F 1-1: Foul Ball, location: 2F 1-2: Foul Ball, location: 2F 1-2: Ball 2-2: Ball 3-2: Base on Balls Mike Bates to third Pat Sutton to second
|
|
Batting: RHB Melvin Enriquez
|
0-0: Ball 1-0: Ball 2-0: DOUBLE (Groundball, 5L, EV 105.6 MPH) Mike Bates scores Pat Sutton scores Harry Hoop to third Runner from 3rd tries for Home, SAFE, throw by LF to home
|
|
Batting: LHB Ichiro Toyota
|
0-0: Ball 1-0: Called Strike 1-1: Ball 2-1: Ground out U3 (Groundball, 3L, EV 97.5 MPH) Melvin Enriquez to third
|
|
Batting: SHB Chris Blue
|
0-0: Swinging Strike 0-1: Swinging Strike 0-2: Ball 1-2: Foul Ball, location: 2F 1-2: Ball 2-2: Foul Ball, location: 2F 2-2: Ball 3-2: Base on Balls
|
|
Batting: LHB Armando Carbajal
|
0-0: Swinging Strike 0-1: Ball 1-1: Ball 2-1: Called Strike Pickoff Throw by Catcher to First - Error! E2 Melvin Enriquez scores Chris Blue to second 2-2: Foul Ball, location: 2F 2-2: Ball 3-2: Base on Balls
|
|
Batting: RHB Klaas Meij
|
0-0: Ball 1-0: Ball 2-0: Ball 3-0: Base on Balls Chris Blue to third Armando Carbajal to second
|
|
Batting: RHB Danny Gallo
|
0-0: Ball 1-0: SINGLE (Line Drive, 8LS, EV 88.1 MPH) Chris Blue scores Armando Carbajal to third Klaas Meij to second
|
|
Batting: RHB Mike Bates
|
0-0: SINGLE (Groundball, 56D, EV 103.8 MPH) Armando Carbajal scores Klaas Meij to third Danny Gallo to second
|
|
Batting: LHB Pat Sutton
|
0-0: Ball 1-0: Foul Ball, location: 2F 1-1: Called Strike 1-2: Ball 2-2: Strikes out swinging
|
|
Batting: SHB Harry Hoop
|
0-0: Foul Ball, location: 2F 0-1: Ball 1-1: Ball 2-1: Ball 3-1: Base on Balls Klaas Meij scores Danny Gallo to third Mike Bates to second
|
|
Pitching: RHP Steve DiDomenico
|
|
|
Batting: RHB Melvin Enriquez
|
0-0: Called Strike 0-1: Ground out 1-3 (Groundball, 15S, EV 67.5 MPH)
|
| Bottom of the 1st over - 7 runs, 4 hits, 2 errors, 3 left on base; Chicago 0 - St. Louis 7 |
| TOP OF THE 2ND |
|
Chicago Cubs batting - Pitching for St. Louis Cardinals : LHP Antonio Lacayo
|
|
Batting: RHB Xavier Davis
|
0-0: Foul Ball, location: 2F 0-1: Foul Ball, location: 2F 0-2: Strikes out looking
|
|
Batting: RHB Jose Balderrama
|
0-0: Called Strike 0-1: Ground out 4-3 (Groundball, 4M, EV 83.1 MPH)
|
|
Batting: RHB Alan Oxenrider
|
0-0: Ball 1-0: Called Strike 1-1: Called Strike 1-2: Foul Ball, location: 2F 1-2: Foul Ball, location: 2F 1-2: Strikes out swinging
|
| Top of the 2nd over - 0 runs, 0 hits, 0 errors, 0 left on base; Chicago 0 - St. Louis 7 |
| BOTTOM OF THE 2ND |
|
St. Louis Cardinals batting - Pitching for Chicago Cubs : RHP Steve DiDomenico
|
|
Batting: LHB Ichiro Toyota
|
0-0: Ground out 5-3 (Groundball, 56, EV 80.0 MPH)
|
|
Batting: SHB Chris Blue
|
0-0: Ball 1-0: Ball 2-0: Swinging Strike 2-1: Ball 3-1: Foul Ball, location: 2F 3-2: Strikes out looking
|
|
Batting: LHB Armando Carbajal
|
0-0: Foul Ball, location: 2F 0-1: Ball 1-1: Foul Ball, location: 2F 1-2: Strikes out looking
|
| Bottom of the 2nd over - 0 runs, 0 hits, 0 errors, 0 left on base; Chicago 0 - St. Louis 7 |
| TOP OF THE 3RD |
|
Chicago Cubs batting - Pitching for St. Louis Cardinals : LHP Antonio Lacayo
|
|
Batting: SHB Zory Larikov
|
0-0: Ball 1-0: Ball 2-0: Ball 3-0: Called Strike 3-1: Called Strike 3-2: Foul Ball, location: 2F 3-2: Ground out 2-3 (Groundball, 2R, EV 68.1 MPH)
|
|
Batting: LHB Jon Schick
|
0-0: Foul Ball, location: 2F 0-1: Swinging Strike 0-2: Ball 1-2: Foul Ball, location: 2F 1-2: Ball 2-2: Strikes out swinging
|
|
Batting: RHB Steve Bartman Jr.
|
0-0: Called Strike 0-1: Ball 1-1: Ball 2-1: Foul Ball, location: 2F 2-2: Foul Ball, location: 2F 2-2: Fly out, F6 (Line Drive, 6, EV 66.9 MPH)
|
| Top of the 3rd over - 0 runs, 0 hits, 0 errors, 0 left on base; Chicago 0 - St. Louis 7 |
| BOTTOM OF THE 3RD |
|
St. Louis Cardinals batting - Pitching for Chicago Cubs : RHP Steve DiDomenico
|
|
Batting: RHB Klaas Meij
|
0-0: Called Strike 0-1: Ball 1-1: Ground out 5-3 (Groundball, 56S, EV 78.8 MPH)
|
|
Batting: RHB Danny Gallo
|
0-0: Ball 1-0: Ball 2-0: Foul Ball, location: 2F 2-1: Swinging Strike 2-2: Strikes out swinging
|
|
Batting: RHB Mike Bates
|
0-0: Swinging Strike 0-1: Foul Ball, location: 2F 0-2: Ball 1-2: Ball 2-2: Foul Ball, location: 2F 2-2: Foul Ball, location: 2F 2-2: Foul Ball, location: 2F 2-2: Strikes out looking
|
| Bottom of the 3rd over - 0 runs, 0 hits, 0 errors, 0 left on base; Chicago 0 - St. Louis 7 |
| TOP OF THE 4TH |
|
Chicago Cubs batting - Pitching for St. Louis Cardinals : LHP Antonio Lacayo
|
|
Batting: SHB Gabriel Cruz
|
0-0: Ball 1-0: Foul Ball, location: 2F 1-1: Foul Ball, location: 2F 1-2: Foul Ball, location: 2F 1-2: Ball 2-2: Foul Ball, location: 2F 2-2: Foul Ball, location: 2F 2-2: SINGLE (Groundball, 34D, EV 108.1 MPH)
|
|
Batting: RHB Heef Harted
|
0-0: Called Strike 0-1: Called Strike 0-2: Strikes out swinging
|
|
Batting: LHB Kevin Norton
|
0-0: Swinging Strike 0-1: Foul Ball, location: 2F 0-2: Foul Ball, location: 2F 0-2: SINGLE (Line Drive, 7S, EV 90.6 MPH) Gabriel Cruz to second
|
|
Batting: RHB Xavier Davis
|
0-0: Called Strike 0-1: Ball 1-1: Ball 2-1: Ball 3-1: Base on Balls Gabriel Cruz to third Kevin Norton to second
|
|
Batting: RHB Jose Balderrama
|
0-0: Ball 1-0: Foul Ball, location: 2F 1-1: Ball 2-1: Called Strike 2-2: Ball 3-2: Foul Ball, location: 2F 3-2: Strikes out swinging
|
|
Batting: RHB Alan Oxenrider
|
0-0: Foul Ball, location: 2F 0-1: Ball 1-1: Swinging Strike 1-2: Ball 2-2: Strikes out swinging
|
| Top of the 4th over - 0 runs, 2 hits, 0 errors, 3 left on base; Chicago 0 - St. Louis 7 |
| BOTTOM OF THE 4TH |
|
St. Louis Cardinals batting - Pitching for Chicago Cubs : RHP Steve DiDomenico
|
|
Batting: LHB Pat Sutton
|
0-0: Fly out, F9 (Flyball, 9, EV 77.5 MPH)
|
|
Batting: SHB Harry Hoop
|
0-0: Ball 1-0: Ball 2-0: Swinging Strike 2-1: Swinging Strike 2-2: Ball 3-2: SINGLE (Groundball, 4MD, EV 98.1 MPH)
|
|
Batting: RHB Melvin Enriquez
|
0-0: Ball 1-0: Ball Harry Hoop is caught stealing 2nd base 2-4 2-0: Ground out 6-3 (Groundball, 6, EV 84.4 MPH)
|
| Bottom of the 4th over - 0 runs, 1 hit, 0 errors, 0 left on base; Chicago 0 - St. Louis 7 |
| TOP OF THE 5TH |
|
Chicago Cubs batting - Pitching for St. Louis Cardinals : LHP Antonio Lacayo
|
|
Batting: SHB Zory Larikov
|
0-0: Called Strike 0-1: Ball 1-1: SINGLE (Groundball, 34D, EV 103.8 MPH)
|
|
Batting: LHB Jon Schick
|
0-0: Ball 1-0: Foul Ball, location: 2F 1-1: Ball 2-1: Foul Ball, location: 2F 2-2: Ball 3-2: Fielders Choice at 2nd, 4-6 (Groundball, 4S, EV 82.5 MPH)
|
|
Batting: RHB Steve Bartman Jr.
|
0-0: Foul Ball, location: 2F 0-1: Foul Ball, location: 2F 0-2: Grounds into double play, 3-6-1 (Groundball, 13, EV 92.5 MPH)
|
| Top of the 5th over - 0 runs, 1 hit, 0 errors, 0 left on base; Chicago 0 - St. Louis 7 |
| BOTTOM OF THE 5TH |
|
St. Louis Cardinals batting - Pitching for Chicago Cubs : RHP Steve DiDomenico
|
|
Batting: LHB Ichiro Toyota
|
0-0: Ball 1-0: SINGLE (Groundball, 56, EV 99.4 MPH)
|
|
Batting: SHB Chris Blue
|
0-0: Ball 1-0: Ball 2-0: Fielders Choice at 2nd, 1-6 (Groundball, 34S, EV 65.6 MPH)
|
|
Batting: LHB Armando Carbajal
|
0-0: Called Strike 0-1: Foul Ball, location: 2F 0-2: Foul Ball, location: 2F 0-2: Ball 1-2: Strikes out swinging
|
|
Batting: RHB Klaas Meij
|
0-0: Fly out, F3 (Popup, 3SF, EV 63.8 MPH)
|
| Bottom of the 5th over - 0 runs, 1 hit, 0 errors, 1 left on base; Chicago 0 - St. Louis 7 |
| TOP OF THE 6TH |
|
Chicago Cubs batting - Pitching for St. Louis Cardinals : LHP Antonio Lacayo
|
|
Batting: SHB Gabriel Cruz
|
0-0: Ball 1-0: Ball 2-0: Foul Ball, location: 2F 2-1: Swinging Strike 2-2: Strikes out swinging
|
|
Batting: RHB Heef Harted
|
0-0: Ball 1-0: Ball 2-0: Called Strike 2-1: Fly out, F9 (Flyball, 9, EV 91.2 MPH)
|
|
Batting: LHB Kevin Norton
|
0-0: Foul Ball, location: 2F 0-1: Ball 1-1: Swinging Strike 1-2: Ball 2-2: Foul Ball, location: 2F 2-2: Strikes out looking
|
| Top of the 6th over - 0 runs, 0 hits, 0 errors, 0 left on base; Chicago 0 - St. Louis 7 |
| BOTTOM OF THE 6TH |
|
St. Louis Cardinals batting - Pitching for Chicago Cubs : RHP Steve DiDomenico
|
|
Batting: RHB Danny Gallo
|
0-0: Ball 1-0: Ground out 6-3 (Groundball, 6, EV 83.1 MPH)
|
|
Pitching: RHP Pat Powell
|
|
|
Batting: RHB Mike Bates
|
0-0: Foul Ball, location: 2F 0-1: Foul Ball, location: 2F 0-2: Foul Ball, location: 2F 0-2: Ball 1-2: Ball 2-2: Strikes out looking
|
|
Batting: LHB Pat Sutton
|
0-0: Swinging Strike 0-1: Ball 1-1: Foul Ball, location: 2F 1-2: Ball 2-2: Fly out, F8 (Flyball, 8LXD, EV 76.9 MPH)
|
| Bottom of the 6th over - 0 runs, 0 hits, 0 errors, 0 left on base; Chicago 0 - St. Louis 7 |
| TOP OF THE 7TH |
|
Chicago Cubs batting - Pitching for St. Louis Cardinals : LHP Antonio Lacayo
|
|
Pitching: LHP Ed Gates
|
|
|
Batting: RHB Xavier Davis
|
0-0: Foul Ball, location: 2F 0-1: Called Strike 0-2: Ball 1-2: Ball 2-2: Ball 3-2: Base on Balls
|
|
Batting: RHB Jose Balderrama
|
0-0: Ball 1-0: DOUBLE (Line Drive, 3D, EV 112.5 MPH) Xavier Davis to third Runner from 3rd tries for Home, SAFE, no throw by RF
|
|
Batting: RHB Alan Oxenrider
|
0-0: SINGLE (Groundball, 6MD, EV 100.6 MPH) Jose Balderrama to third
|
|
Batting: SHB Zory Larikov
|
0-0: Foul Ball, location: 2F 0-1: Ball 1-1: Ball 2-1: Grounds into double play, 4-6-3 (Groundball, 4M, EV 82.5 MPH) Jose Balderrama scores
|
|
DELAY
|
Rain delay of 35 minutes in the 7th inning.
|
|
Pinch Hitting: RHB Francisco Ramirez
|
0-0: Called Strike 0-1: Ball 1-1: Called Strike 1-2: Ball 2-2: Ball 3-2: Strikes out looking
|
| Top of the 7th over - 2 runs, 2 hits, 0 errors, 0 left on base; Chicago 2 - St. Louis 7 |
| BOTTOM OF THE 7TH |
|
St. Louis Cardinals batting - Pitching for Chicago Cubs : RHP Pat Powell
|
|
Now in RF: Moe Lester
|
|
|
Batting: SHB Harry Hoop
|
0-0: Ball 1-0: Ball 2-0: Foul Ball, location: 2F 2-1: Called Strike 2-2: Strikes out swinging
|
|
Batting: RHB Melvin Enriquez
|
0-0: Called Strike 0-1: Ball 1-1: Ball 2-1: Ground out 6-3 (Groundball, 6, EV 85.6 MPH)
|
|
Batting: LHB Ichiro Toyota
|
0-0: Called Strike 0-1: Swinging Strike 0-2: Strikes out swinging
|
| Bottom of the 7th over - 0 runs, 0 hits, 0 errors, 0 left on base; Chicago 2 - St. Louis 7 |
| TOP OF THE 8TH |
|
Chicago Cubs batting - Pitching for St. Louis Cardinals : LHP Ed Gates
|
|
Batting: RHB Steve Bartman Jr.
|
0-0: Ball 1-0: Called Strike 1-1: Swinging Strike 1-2: Ball 2-2: Ball 3-2: TRIPLE (Flyball, 78XD, EV 98.8 MPH)
|
|
Batting: SHB Gabriel Cruz
|
0-0: Swinging Strike 0-1: Ball 1-1: Ground out 4-3 (Groundball, 4, EV 88.1 MPH) Steve Bartman Jr. scores
|
|
Pitching: RHP Casey Cogdill
|
|
|
Batting: RHB Heef Harted
|
0-0: Ground out 4-3 (Groundball, 4M, EV 80.0 MPH)
|
|
Batting: LHB Kevin Norton
|
0-0: Ball 1-0: Ball 2-0: Ball 3-0: Called Strike 3-1: Base on Balls
|
|
Batting: RHB Xavier Davis
|
0-0: Ball 1-0: Called Strike 1-1: Swinging Strike 1-2: Foul Ball, location: 2F 1-2: Ball 2-2: Ball 3-2: Foul Ball, location: 2F 3-2: DOUBLE (Line Drive, 7LD, EV 106.2 MPH) Kevin Norton to third Kevin Norton scores
|
|
Batting: RHB Jose Balderrama
|
0-0: Ground out 5-3 (Groundball, 56S, EV 90.6 MPH)
|
| Top of the 8th over - 2 runs, 2 hits, 0 errors, 1 left on base; Chicago 4 - St. Louis 7 |
| BOTTOM OF THE 8TH |
|
St. Louis Cardinals batting - Pitching for Chicago Cubs : RHP Pat Powell
|
|
Pitching: RHP Miles Edwards
|
|
|
Batting: SHB Chris Blue
|
0-0: Bunted foul 0-1: Ball 1-1: Ball 2-1: Ball 3-1: Fly out, F9 (Flyball, 9D, EV 99.4 MPH)
|
|
Batting: LHB Armando Carbajal
|
0-0: Ball 1-0: Foul Ball, location: 2F 1-1: Foul Ball, location: 2F 1-2: Strikes out swinging
|
|
Batting: RHB Klaas Meij
|
0-0: Ball 1-0: Swinging Strike 1-1: Called Strike 1-2: Ball 2-2: Ball 3-2: Foul Ball, location: 2F 3-2: Strikes out looking
|
| Bottom of the 8th over - 0 runs, 0 hits, 0 errors, 0 left on base; Chicago 4 - St. Louis 7 |
| TOP OF THE 9TH |
|
Chicago Cubs batting - Pitching for St. Louis Cardinals : RHP Casey Cogdill
|
|
Pitching: LHP Danny Rivera
|
|
|
Batting: RHB Alan Oxenrider
|
0-0: Hit by Pitch
|
|
Batting: SHB Zory Larikov
|
0-0: Ball 1-0: Ball 2-0: Called Strike 2-1: Ball 3-1: Swinging Strike 3-2: Fly out, F9 (Flyball, 9, EV 93.8 MPH)
|
|
Batting: SHB Moe Lester
|
0-0: Ball 1-0: Called Strike 1-1: Foul Ball, location: 2F 1-2: Strikes out swinging
|
|
Batting: RHB Steve Bartman Jr.
|
0-0: Called Strike 0-1: Ball 1-1: Foul Ball, location: 2F 1-2: Fielders Choice at 2nd, 5-4 (Groundball, 56, EV 83.8 MPH)
|
| Top of the 9th over - 0 runs, 0 hits, 0 errors, 1 left on base; Chicago 4 - St. Louis 7 |
|